Map: Ultralove

Players

KimChiLoVer - Winner!

  • Race: Terran Terran
  • League: Diamond
  • Spawn Location: 1:00

Ryebear

  • Race: Terran Terran
  • League: Diamond
  • Spawn Location: 7:00

VOD

Have the link to the VOD?

Description

Time

  • Played on: Aug. 28, 2025, 8:34 p.m.
  • Length: 10:12
Show
View Real Time Build Order
Export as new Build Order

KimChiLoVer Terran - Winner!

Build Orders: Cyclone Opening 

Get SALT Encoding   

  12  0:00  SCV  
  13  0:13  SCV  
  14  0:17  Supply Depot  
  14  0:25  SCV  
  15  0:39  SCV  
  15  0:40  Barracks  
  16  0:44  Refinery  
  16  0:50  Refinery  
  16  0:53  SCV  
  17  1:05  SCV  
  18  1:17  SCV  
  19  1:29  Orbital Command, Reaper  
  20  1:37  Supply Depot  
  20  1:44  Factory  
  20  1:57  SCV  
  21  2:04  Reaper  
  22  2:18  Command Center  
  22  2:23  SCV  
  22  2:29  Factory Tech Lab  
  23  2:31  Starport  
  23  2:35  SCV  
  24  2:37  Barracks Reactor  
  24  2:47  SCV  
  25  2:54  Cyclone  
  25  2:57  Supply Depot  
  27  3:32  Orbital Command  
  27  3:38  Siege Tank  
  29  3:50  Liberator  
  29  3:52  Orbital Command  
  29  3:54  Supply Depot  
  32  4:03  SCV  
  33  4:10  Barracks Tech Lab, Siege Tank  
  33  4:13  Refinery  
  33  4:15  SCV  
  33  4:16  Refinery  
  37  4:22  Viking  
  39  4:30  SCV  
  39  4:31  SCV  
  41  4:36  Engineering Bay  
  41  4:42  Viking  
  41  4:43  SCV  
  44  4:49  SCV  
  44  4:50  Factory  
  44  4:52  Supply Depot  
  45  4:55  SCV  
  46  5:01  SCV  
  47  5:07  SCV  
  47  5:09  Siege Tank  
  47  5:13  SCV  
  52  5:19  SCV, Starport  
  53  5:25  Missile Turret  
  53  5:26  SCV  
  54  5:28  Hi-Sec Auto Tracking  
  54  5:31  SCV  
  55  5:38  SCV  
  55  5:41  Missile Turret  
  56  5:43  SCV  
  56  5:46  Missile Turret x2  
  57  5:50  SCV  
  57  5:51  Viking  
  57  5:55  SCV  
  61  5:59  Starport Reactor  
  61  6:02  SCV  
  61  6:03  Armory  
  62  6:07  SCV  
  63  6:17  Siege Tank x2  
  69  6:19  SCV  
  69  6:22  Supply Depot  
  70  6:29  Supply Depot  
  70  6:30  Supply Depot  
  70  6:41  Armory  
  70  6:44  Viking, SCV x2  
  74  6:50  Supply Depot  
  74  6:53  Siege Tank  
  77  6:56  SCV  
  78  7:10  Viking x2, Liberator  
  85  7:16  Terran Ship Weapons Level 1  
  83  7:42  Liberator x2  
  89  7:52  Supply Depot, Terran Vehicle And Ship Armor Level 1  
  89  7:53  Supply Depot  
  89  8:02  Siege Tank  
  89  8:03  Viking  
  94  8:17  Factory  
  94  8:20  Command Center  
  91  8:53  Hellion  
  91  8:54  Siege Tank  
  96  8:56  Viking x2  
  92  9:47  Hellion x2  
Show
View Real Time Build Order
Export as new Build Order

Ryebear Terran 

Build Orders: 1/1/1 

Get SALT Encoding   

  12  0:00  SCV  
  13  0:12  SCV  
  14  0:17  Supply Depot  
  14  0:24  SCV  
  15  0:38  SCV  
  15  0:39  Barracks  
  16  0:46  Refinery  
  16  0:50  SCV  
  16  0:54  Refinery  
  17  1:02  SCV  
  18  1:14  SCV  
  19  1:26  Marine  
  19  1:27  Orbital Command, Supply Depot  
  20  1:42  Factory  
  20  1:47  Marine  
  20  1:52  SCV  
  22  2:04  SCV  
  22  2:05  Marine  
  24  2:16  SCV  
  25  2:23  Marine  
  25  2:27  Factory Tech Lab, Starport  
  25  2:28  SCV  
  27  2:32  Supply Depot  
  27  2:46  Siege Tank  
  27  2:50  Barracks Tech Lab  
  30  3:05  Starport Reactor  
  29  3:38  SCV, Command Center  
  30  3:45  Viking x2  
  30  3:46  Siege Tank  
  37  3:57  Supply Depot  
  37  4:13  Stimpack  
  37  4:14  Barracks  
  37  4:15  Marine  
  37  4:16  Barracks  
  38  4:18  Medivac  
  38  4:22  SCV  
  41  4:28  Siege Tank  
  44  4:33  Marine  
  45  4:46  Supply Depot  
  45  4:50  SCV  
  46  4:54  Refinery  
  46  5:00  Siege Tank  
  46  5:03  Barracks Reactor  
  49  5:08  Barracks Reactor  
  49  5:11  Orbital Command  
  49  5:17  Refinery  
  49  5:20  SCV  
  50  5:26  Supply Depot  
  50  5:28  Marine  
  50  5:32  SCV  
  50  5:33  Medivac  
  54  5:38  SCV  
  55  5:47  Marine x3  
  58  5:53  Supply Depot  
  58  5:54  Marine  
  58  5:56  Marine  
  60  5:59  SCV  
  60  6:01  SCV  
  62  6:10  Engineering Bay  
  62  6:15  Marine  
  62  6:16  Marine x2  
  62  6:17  Marine  
  66  6:19  Marine  
  67  6:25  Supply Depot  
  67  6:34  Marine x3  
  67  6:35  Marine  
  67  6:36  Marine  
  72  6:40  Terran Infantry Weapons Level 1  
  72  6:42  SCV  
  72  6:43  SCV  
  64  7:28  Marine  
  64  7:29  Marine x4  
  63  7:37  Viking  
  63  7:38  Viking  
  63  7:42  SCV  
  68  7:46  Marine x5  
  68  7:50  Engineering Bay  
  73  7:58  Armory  
  73  8:02  SCV x2  
  73  8:04  Marine x5  
  80  8:07  Viking  
  82  8:14  Viking  
  84  8:21  Marine  
  84  8:22  Marine  
  84  8:27  Starport  
  86  8:30  SCV x2  
  85  8:37  Viking  
  57  8:51  Marine  
  57  8:52  Marine x4  
  58  9:09  Marine  
  54  9:10  Marine x4  
  54  9:12  Viking x2  
  52  9:26  SCV  
  52  9:27  SCV, Marine x5  
  53  9:38  SCV  
  53  9:39  SCV  
  53  9:42  Viking  
  53  9:45  Marine x5  
  56  9:50  SCV  
  56  9:51  SCV  
Tags
 
Add a new tag
Caveats
  • Supply blocks, unpowered buildings, or Contaminate may cause inaccurate times.
  • Supply counts are checked every 10 seconds.